 Dungeon Crawl Stone Soup version 0.18-a0-1782-gb76a692 (webtiles) character file.

83372 Kilingo the Prestidigitator (level 15, 0/128 HPs)
             Began as a Minotaur Berserker on Mar 11, 2016.
             Was a High Priest of Trog.
             Slain by a sixfirhy (5 damage)
             ... summoned by an orc sorcerer
             ... on level 2 of the Orcish Mines on Apr 18, 2016.
             The game lasted 11:35:09 (34573 turns).

Kilingo the Prestidigitator (Minotaur Berserker)   Turns: 34573, Time: 11:35:10

Health: 0/128      AC:  4    Str: 23      XL:     15   Next: 32%
Magic:  7/7        EV: 14    Int:  0 (3)  God:    Trog [*****.]
Gold:   1769       SH:  4    Dex: 16      Spells: 0 memorised, 14 levels left

rFire  . . .     SeeInvis +     g - +4 dire flail (antimagic)
rCold  . . .     Gourm    .     s - +2 chain mail {MR+}
rNeg   . . .     Faith    .     (shield currently unavailable)
rPois  .         Spirit   .     (helmet restricted)
rElec  .         Dismiss  .     K - +2 cloak {+Inv}
rCorr  .         Reflect  +     S - +0 pair of gloves
SustAt .         Harm     .     f - +1 pair of boots
MR     ++...                    F - +4 amulet of reflection
Stlth  ..........               R - ring of see invisible
                                j - +5 ring of slaying

@: corroded, slowed, lost intelligence, drained, very slow, very resistant to
hostile enchantments, extremely unstealthy
A: retaliatory headbutt, horns 2
a: Berserk, Trog's Hand, Brothers in Arms, Burn Spellbooks, Renounce Religion,
Evoke Invisibility


You were on level 2 of the Orcish Mines.
You worshipped Trog.
Trog was extremely pleased with you.
You were hungry.

You visited 6 branches of the dungeon, and saw 25 of its levels.
You also visited: Ossuary.

You collected 1972 gold pieces.
You spent 153 gold pieces at shops.

Inventory:

Hand Weapons
 a - a +1 greatsling of evasion
 b - a +2 whip of electrocution
 g - a +4 antimagic dire flail (weapon)
 B - a +1 morningstar of protection
 U - the +1 blowgun "Hulk" {speed, rElec MR- Int+9 Dex-3}
   (You found it on level 10 of the Dungeon)

   Attacks with this weapon are significantly faster.
   It affects your intelligence (+9).
   It affects your dexterity (-3).
   It insulates you from electricity.
   It affects your resistance to hostile enchantments.
Missiles
 h - 595 stones
 l - 6 javelins of returning (quivered)
 m - 3 sling bullets of flame
 z - 18 silver sling bullets
 X - 4 needles of sleeping
Armour
 f - a +1 pair of boots (worn)
 q - a +0 shield
 s - a +2 chain mail of magic resistance (worn)
 K - a +2 cloak of invisibility (worn)
 S - a +0 pair of gloves (worn)
Jewellery
 j - a +5 ring of slaying (left hand)
 C - an uncursed ring of poison resistance
 F - a +4 amulet of reflection (around neck)
 R - a ring of see invisible (right hand)
Wands
 t - a wand of disintegration (12/24)
 L - a wand of heal wounds (1/9)
 O - a wand of confusion (15/48)
 T - a wand of paralysis (3/24)
 V - a wand of teleportation (4/9)
 Z - a wand of random effects (3/48)
Scrolls
 n - 2 scrolls of recharging
 u - 7 scrolls of remove curse
 x - 4 scrolls of enchant weapon
 y - 3 scrolls of immolation
 A - a scroll of fear
 E - 7 scrolls of teleportation
 J - a scroll of blinking
 Y - 2 scrolls of enchant armour
Potions
 d - 4 potions of curing
 e - 3 potions of agility
 i - 2 potions of flight
 k - 4 potions of lignification
 p - 3 potions of might {unknown}
 r - a potion of magic {unknown}
 w - 2 potions of ambrosia
 I - a potion of resistance {unknown}
 M - a potion of berserk rage {unknown}
 N - 6 potions of heal wounds
 Q - a potion of mutation {unknown}
Miscellaneous
 v - a disc of storms
 P - a box of beasts {used: 1}
Comestibles
 c - 7 bread rations
 o - 5 slices of pizza
 D - 8 beef jerkies
 G - a royal jelly
 H - 8 meat rations


   Skills:
 + Level 10.5(9.9) Fighting
 - Level 10.5(9.9) Maces & Flails
 - Level 11.3(12.7) Slings
 - Level 11.2(12.1) Throwing
 + Level 10.5(9.9) Armour
 + Level 10.5(9.9) Dodging
 - Level 10.9(10.3) Shields
 - Level 0.2(0.0) Spellcasting
 - Level 11.8(11.1) Evocations


You had 14 spell levels left.
You didn't know any spells.

Dungeon Overview and Level Annotations

Branches:
Dungeon (12/15)            Temple (1/1) D:7            Lair (8/8) D:10
 Shoals (1/4) Lair:6        Snake (1/4) Lair:4        Slime (0/6) Lair:6
    Orc (2/2) D:10            Elf (0/3) Orc:2

Altars:
Ashenzari
Cheibriados
Dithmenos
Elyvilon
Fedhas
Gozag
Kikubaaqudgha
Makhleb
Nemelex Xobeh
Okawaru
Pakellas
Qazlal
Ru
Sif Muna
Trog
Vehumet
Xom
Yredelemnul
Zin
The Shining One
Jiyva

Shops:
D:6 (   D:8 }   D:11 (   Orc:1 *?*[

Annotations:
D:4 1 runed door
D:6 Prince Ribbit
Lair:8 exclusion: oklob plant
Shoals:1 WhatIsLove's ghost, adept DsGl


Innate Abilities, Weirdness & Mutations

You reflexively headbutt those who attack you in melee.
You have a pair of horns on your head.


Message History

* * * LOW HITPOINT WARNING * * *
You can move again.
Read which item? (? for menu, Esc to quit)
You almost manage to decipher the scroll, but fail in this attempt.
The orc priest no longer looks unusually strong.
The sixfirhy hits you.
* * * LOW HITPOINT WARNING * * *
The sixfirhy shocks you!
* * * LOW HITPOINT WARNING * * *
The sixfirhy completely misses you. x2
The sixfirhy hits you but does no damage.
The sixfirhy completely misses you. You furiously retaliate!
You headbutt the sixfirhy. You block the rust devil's attack.
The orc high priest hits you from afar with a halberd!
* * * LOW HITPOINT WARNING * * *
The orc priest casts a cantrip, but nothing happens.
The orc knight hits you with a war axe.
* * * LOW HITPOINT WARNING * * *
The rust devil hits you. The rust devil corrodes you! The sixfirhy hits you.
You die... #.#....#.....#.#.........## #.#..........##....##.....# ###..........##....###.#.## o #.......#........##...##### . ##..))#33#)........#...###.# ÷. #..).#4oo4.........#...#.... oo#

##§o.###.)4o3......##.......#
÷o§##§o).#.##oo44o...###......###
.o§§§§3.##..#..#@.....#........#
#.3§...###.#)..#..#...........##
###...##.....................##
..######......................##
#..........)...................##
................................#
...#.......................#.#.##
....##..)...................#####
....##..()....................#.#


You could see an orc knight, an orc high priest, 2 ice devils, a rust devil, a
sixfirhy, 2 smoke demons, a neqoxec, 2 orc sorcerers, a red devil, an orc
warrior and an orc priest.

Vanquished Creatures
  An orc warlord (D:10)
  A dire elephant (Lair:8)
  An ettin (Orc:2)
  Josephine (Lair:5)
  A minotaur (D:10)
  An ogre mage (Orc:1)
  2 naga warriors (Snake:1)
  7 hydras
  Erica (Lair:1)
  The ghost of Liam the Thaumaturge, a journeyman HEWz of Vehumet (D:10)
  A catoblepas (Lair:8)
  8 death yaks (Lair:8)
  A deep troll shaman (Lair:8)
  A shock serpent (Snake:1)
  A naga sharpshooter (Snake:1)
  3 hill giants
  5 harpies
  4 orc sorcerers
  A lindwurm (Lair:6)
  2 ugly things
  4 orc knights
  2 griffons (Lair:6)
  14 elephants
  Maurice (D:9)
  6 black mambas
  A guardian serpent (Lair:4)
  2 naga magi (Snake:1)
  A gargoyle (D:11)
  3 torpor snails
  19 spiny frogs
  6 komodo dragons
  4 rime drakes
  4 trolls
  2 merfolk
  28 blink frogs
  3 boulder beetles
  A snapping turtle (Lair:6)
  A shadow (D:11)
  A spriggan (D:7)
  2 wyverns
  2 basilisks
  5 wraiths (Lair:5)
  11 hippogriffs
  58 yaks
  4 hungry ghosts
  7 nagas
  15 water moccasins
  15 porcupines
  15 orc warriors
  2 ice beasts (D:10)
  6 sky beasts
  5 black bears
  4 phantoms
  12 ogres
  18 crocodiles
  4 centaurs
  29 wolves
  19 giant frogs
  2 gnoll sergeants
  A jelly (D:7)
  12 scorpions
  11 killer bees
  An electric eel (Lair:7)
  4 howler monkeys
  8 crimson imps
  3 centaur zombies (Ossuary)
  A quasit (D:11)
  4 giant frog zombies
  2 human zombies (Ossuary)
  2 giant frog skeletons
  A gnoll shaman (D:6)
  13 orc priests
  5 hounds
  16 orc wizards
  Jessica (D:3)
  15 iguanas
  5 hell rats
  8 worker ants
  48 sheep
  3 big kobold zombies (Ossuary)
  4 mummies
  A howler monkey zombie (D:9)
  A worker ant zombie (D:6)
  19 gnolls
  39 river rats
  2 scorpion zombies (Ossuary)
  13 adders
  5 shadow imps
  A worm (D:2)
  3 dart slugs
  6 giant geckos
  72 orcs
  2 ball pythons
  4 giant cockroaches
  2 gnoll zombies (Ossuary)
  3 goblins
  2 hobgoblins
  16 jackals
  11 kobolds
  4 quokkas
  11 bats
  2 giant gecko skeletons (D:5)
  7 giant newts
  A goblin zombie (Ossuary)
  2 hobgoblin zombies (Ossuary)
  3 kobold zombies (Ossuary)
  3 orc zombies (Ossuary)
  A quokka skeleton (D:5)
  A quokka zombie (D:3)
  10 rats
  A bush (Lair:7)
  5 fungi
  5 plants
808 creatures vanquished.

Vanquished Creatures (others)
  A phantom (D:6)
  3 centaurs
  An orc (D:11)
  25 fungi
  17 plants
47 creatures vanquished.

Grand Total: 855 creatures vanquished

Notes
Turn   | Place    | Note
--------------------------------------------------------------
     0 | D:1      | Kilingo the Minotaur Berserker began the quest for the Orb.
     0 | D:1      | Reached XP level 1. HP: 19/19 MP: 0/0
   274 | D:1      | Reached XP level 2. HP: 25/27 MP: 1/1
  1078 | D:2      | Reached XP level 3. HP: 33/33 MP: 2/2
  1302 | D:2      | Reached ** piety under Trog
  1586 | D:2      | Found a sparkling altar of Nemelex Xobeh.
  1997 | D:2      | Found a snail-covered altar of Cheibriados.
  2462 | D:3      | Found a burning altar of Makhleb.
  2465 | D:3      | Reached skill level 1 in Slings
  2465 | D:3      | Reached skill level 1 in Shields
  2465 | D:3      | Reached XP level 4. HP: 33/40 MP: 3/3
  2713 | D:3      | Reached XP level 5. HP: 45/47 MP: 4/4
  2855 | D:3      | Noticed Jessica
  2857 | D:3      | Killed Jessica
  2870 | D:3      | Found a deep blue altar of Sif Muna.
  3011 | D:4      | Found a basalt altar of Yredelemnul.
  3058 | D:4      | Found a glowing silver altar of Zin.
  3058 | D:4      | Found a runed door.
  3058 | D:4      | Noticed an angel
  3142 | D:4      | Reached skill level 5 in Maces & Flails
  3301 | D:4      | Reached XP level 6. HP: 55/55 MP: 5/5
  3311 | D:4      | Found an opulent altar of Gozag.
  3311 | D:4      | Found a glowing silver altar of Zin.
  3387 | D:4      | Reached *** piety under Trog
  3496 | D:4      | Reached skill level 5 in Fighting
  3932 | D:5      | Entered Level 5 of the Dungeon
  3957 | D:5      | Reached XP level 7. HP: 52/61 MP: 6/6
  3972 | D:5      | Reached skill level 1 in Evocations
  3986 | D:5      | Found a stormy altar of Qazlal.
  4732 | D:6      | Found Yzxoticy's Weapon Shoppe.
  4810 | D:6      | Reached XP level 8. HP: 71/71 MP: 8/8
  5077 | D:6      | Received a gift from Trog
  5077 | D:6      | Reached skill level 5 in Slings
  5204 | D:6      | Found a sand-covered staircase.
  5264 | Ossuary  | Entered an ossuary
  6201 | D:6      | Reached XP level 9. HP: 79/79 MP: 10/10
  6267 | D:6      | Noticed Prince Ribbit
  6975 | D:7      | Reached **** piety under Trog
  7160 | D:7      | Found a staircase to the Ecumenical Temple.
  7176 | Temple   | Entered the Ecumenical Temple
  7178 | Temple   | Upgraded the game from 0.18-a0-1551-g40744a8 to 0.18-a0-1560-ge216ca8
  8151 | D:8      | Found Motyu's Gadget Boutique.
  8277 | D:8      | Reached ***** piety under Trog
  8481 | D:8      | Reached XP level 10. HP: 89/91 MP: 12/12
  8602 | D:8      | Upgraded the game from 0.18-a0-1560-ge216ca8 to 0.18-a0-1570-gf60b0ab
  9312 | D:9      | Found a shimmering altar of Xom.
  9342 | D:9      | Reached skill level 5 in Evocations
  9382 | D:9      | Received a gift from Trog
  9382 | D:9      | Reached skill level 5 in Shields
  9417 | D:9      | Reached skill level 5 in Dodging
  9450 | D:9      | Reached skill level 5 in Armour
 10051 | D:9      | Noticed Maurice
 10340 | D:9      | Upgraded the game from 0.18-a0-1570-gf60b0ab to 0.18-a0-1572-g0a86841
 10415 | D:9      | Killed Maurice
 10459 | D:10     | Entered Level 10 of the Dungeon
 10459 | D:10     | Noticed a hill giant
 10459 | D:10     | Noticed Liam's ghost (journeyman HEWz)
 10525 | D:10     | Found a staircase to the Lair.
 10712 | D:10     | Got a transparent blowgun
 10717 | D:10     | Identified the cursed +1 blowgun "Hulk" {speed, rElec MR- Int+9 Dex-3} (You found it on level 10 of the Dungeon)
 11644 | D:10     | Drew Focus: Str increased to 23, Int decreased to 3
 11660 | D:10     | Killed Liam's ghost
 11660 | D:10     | Reached XP level 11. HP: 93/97 MP: 14/14
 11989 | D:10     | Noticed a hill giant
 12022 | D:10     | Killed a hill giant
 12022 | D:10     | Received a gift from Trog
 12445 | D:10     | Found a staircase to the Orcish Mines.
 12499 | D:10     | Upgraded the game from 0.18-a0-1572-g0a86841 to 0.18-a0-1575-g920359c
 12712 | D:10     | Killed a hill giant
 12771 | D:9      | Noticed a hill giant
 12777 | D:9      | Killed a hill giant
 12887 | D:10     | Upgraded the game from 0.18-a0-1575-g920359c to 0.18-a0-1577-gf591c28
 13382 | D:10     | Upgraded the game from 0.18-a0-1577-gf591c28 to 0.18-a0-1628-g61c6396
 13383 | D:10     | Upgraded the game from 0.18-a0-1628-g61c6396 to 0.18-a0-1639-g7533f42
 13384 | D:10     | Upgraded the game from 0.18-a0-1639-g7533f42 to 0.18-a0-1643-gb89d9db
 13385 | D:10     | Upgraded the game from 0.18-a0-1643-gb89d9db to 0.18-a0-1666-g3ea6f2b
 13427 | D:10     | Upgraded the game from 0.18-a0-1666-g3ea6f2b to 0.18-a0-1670-gb40d73e
 13429 | Lair:1   | Entered Level 1 of the Lair of Beasts
 13438 | D:10     | Reached skill level 1 in Throwing
 13962 | Lair:1   | Noticed Erica
 14041 | Lair:1   | Killed Erica
 14529 | Lair:1   | Received a gift from Trog
 14703 | Lair:1   | Upgraded the game from 0.18-a0-1670-gb40d73e to 0.18-a0-1677-g2bdad6c
 15301 | Lair:1   | Noticed a five-headed hydra
 15404 | D:11     | Noticed a green ugly thing
 15417 | D:10     | Killed a green ugly thing
 15580 | D:10     | Noticed a minotaur
 15580 | D:10     | a five-headed hydra changed into a minotaur
 15592 | D:10     | Killed a minotaur
 15592 | D:10     | Reached skill level 5 in Throwing
 15592 | D:10     | Reached XP level 12. HP: 75/106 MP: 16/16
 15862 | Lair:2   | Noticed a seven-headed hydra
 16459 | D:11     | Upgraded the game from 0.18-a0-1677-g2bdad6c to 0.18-a0-1683-gf9322e6
 16897 | D:11     | Found Lyit's Weapon Boutique.
 17091 | D:11     | Upgraded the game from 0.18-a0-1683-gf9322e6 to 0.18-a0-1702-gd20c6a5
 17115 | D:10     | Upgraded the game from 0.18-a0-1702-gd20c6a5 to 0.18-a0-1718-g40ea4b6
 17737 | Lair:2   | Killed a seven-headed hydra
 19686 | Lair:2   | Noticed a five-headed hydra
 19699 | Lair:1   | Upgraded the game from 0.18-a0-1718-g40ea4b6 to 0.18-a0-1730-g73f0523
 19701 | Lair:1   | Upgraded the game from 0.18-a0-1730-g73f0523 to 0.18-a0-1745-gffa9a88
 19772 | Lair:2   | Killed a five-headed hydra
 19772 | Lair:2   | Received a gift from Trog
 19780 | Lair:2   | Upgraded the game from 0.18-a0-1745-gffa9a88 to 0.18-a0-1747-g18c4181
 19889 | D:10     | Upgraded the game from 0.18-a0-1747-g18c4181 to 0.18-a0-1764-gf4ddf0b
 20202 | Lair:4   | Found a staircase to the Snake Pit.
 21174 | Lair:5   | Received a gift from Trog
 21549 | Lair:5   | Noticed Josephine
 21610 | Lair:5   | Killed Josephine
 21610 | Lair:5   | Reached XP level 13. HP: 104/113 MP: 19/19
 21993 | Lair:4   | Received a gift from Trog
 23844 | Lair:6   | Received a gift from Trog
 24034 | Lair:6   | Upgraded the game from 0.18-a0-1764-gf4ddf0b to 0.18-a0-1773-gec4f98e
 24082 | Lair:6   | Found a staircase to the Shoals.
 24329 | Lair:6   | Received a gift from Trog
 24793 | Lair:6   | Found a staircase to the Slime Pits.
 24794 | Lair:6   | Found a viscous altar of Jiyva.
 25538 | Lair:7   | Reached skill level 10 in Slings
 26187 | Lair:7   | Received a gift from Trog
 26674 | Lair:7   | Reached XP level 14. HP: 119/119 MP: 20/20
 27209 | Lair:6   | Reached skill level 10 in Evocations
 28095 | Lair:8   | Entered Level 8 of the Lair of Beasts
 28098 | Lair:8   | Received a gift from Trog
 28571 | Lair:8   | Received a gift from Trog
 29408 | Lair:8   | Upgraded the game from 0.18-a0-1773-gec4f98e to 0.18-a0-1774-gce1f7b6
 30047 | Lair:8   | Reached skill level 10 in Throwing
 30207 | Lair:8   | Received a gift from Trog
 31101 | Orc:1    | Entered Level 1 of the Orcish Mines
 31173 | Orc:1    | Noticed an orc warlord
 31344 | Snake:1  | Entered Level 1 of the Snake Pit
 31519 | Snake:1  | Reached skill level 10 in Armour
 31656 | Lair:2   | Upgraded the game from 0.18-a0-1774-gce1f7b6 to 0.18-a0-1778-gadce9fa
 31720 | Shoals:1 | Entered Level 1 of the Shoals
 31728 | Lair:6   | Reached skill level 10 in Fighting
 31744 | Shoals:1 | Reached skill level 10 in Maces & Flails
 31749 | Shoals:1 | Noticed WhatIsLove's ghost (adept DsGl)
 31767 | Lair:6   | Reached XP level 15. HP: 82/126 MP: 22/22
 31874 | Snake:1  | Reached skill level 10 in Shields
 32136 | Snake:1  | Received a gift from Trog
 32136 | Snake:1  | Reached skill level 10 in Dodging
 32450 | D:10     | Killed an orc warlord
 32659 | Lair:4   | Received a gift from Trog
 32755 | Lair:4   | Upgraded the game from 0.18-a0-1778-gadce9fa to 0.18-a0-1782-gb76a692
 32952 | Orc:1    | Found Dashrugag's Assorted Antiques.
 32956 | Orc:1    | Found Bucea's Magic Scroll Shoppe.
 33031 | Orc:1    | Found Qeiskor's Assorted Antiques.
 33095 | Orc:1    | Bought a scroll of identify for 30 gold pieces
 33096 | Orc:1    | Bought a scroll of identify for 30 gold pieces
 33097 | Orc:1    | Bought a scroll of identify for 30 gold pieces
 33228 | Orc:1    | Bought a scroll of teleportation for 63 gold pieces
 33330 | Orc:1    | Found Juigipux's Antique Armour Shop.
 33407 | Orc:2    | Entered Level 2 of the Orcish Mines
 33548 | Orc:2    | Found a staircase to the Elven Halls.
 33843 | Orc:2    | Received a gift from Trog
 33980 | Orc:2    | Received a gift from Trog
 34214 | Orc:2    | Found an iron altar of Okawaru.
 34569 | Orc:2    | Lost intelligence.
 34573 | Orc:2    | HP: 5/128 [orc knight/war axe (6)]
 34573 | Orc:2    | Slain by a sixfirhy

Vault maps used:
D:1:      ncdulo_watergridlock
D:2:      minmay_door_path, nemelex_deck, cheibriados_altar_1,
          minmay_liquid_box, kennysheep_generic_room_9
D:3:      tgw_sif, makhleb_blood_cavern_becter
D:4:      kennysheep_mini, grunt_temple_overflow_gold_and_silver,
          lemuel_angel_altar
D:5:      first_bread, basic_altar
D:6:      serial_shops, shop, gup_ossuary_entry_pyramid, uniq_prince_ribbit1
D:7:      minmay_temple_entry_enclosed_plants, the_bakery, item_on_display_a
D:8:      serial_shops, shop
D:9:      xom_butterflies, uniq_maurice
D:10:     lair_0_dummy, hiddenorc1_lemuel
D:11:     serial_shops, shop
D:12:     minmay_holes, nicolae_two_hexagons, uniq_azrael
Temple:   minmay_freezing_vapour_temple_12
Lair:1:   uniq_erica
Lair:3:   grunt_megastairs_1, bh_autumn_forest_stairs
Lair:4:   kennysheep_rathole, dummy_snake_entry, patterned_corridor
Lair:5:   uniq_josephine
Lair:6:   minmay_shoals_entry_hut, slime_altar_1
Lair:7:   serial_bayou_shore_b, infiniplex_staircase_pool, grunt_megastairs_5
Lair:8:   grunt_lair_end_beastmaster, st_stairs_6, grunt_megastairs_3
Shoals:1: nicolae_shoals_loop_pool
Snake:1:  serial_bayou_crossing, uniq_donald
Orc:1:    serial_shops, nicolae_shop_trees,
          nicolae_shop_competitors_out_of_business, shop_scrolls, shop,
          nicolae_shop_temple_entry_statues_fountains
Orc:2:    grunt_orc_tribal_feast, david_defended_altar_orc
Ossuary:  ossuary_minmay_scorpions

Skill      XL: |  1  2  3  4  5  6  7  8  9 10 11 12 13 14 15 |
---------------+----------------------------------------------+-----
Maces & Flails | 4 5 6 7 9 10 | 10.5
Fighting       | 4 5 6 7 9 10 | 10.5
Slings         | 1 2 3 4 6 7 8 9 11 | 11.3
Shields        | 1 2 3 4 6 7 9 10 | 10.9
Armour         | 3 4 6 7 9 10 | 10.5
Dodging        | 3 4 6 7 9 10 | 10.5
Evocations     | 2 3 4 6 7 9 11 | 11.8
Throwing       | 5 8 11 | 11.2
Spellcasting   | |  0.2

Action                   |  1- 3 |  4- 6 |  7- 9 | 10-12 | 13-15 || total
-------------------------+-------+-------+-------+-------+-------++-------
Melee: Mace              |    18 |       |       |       |       ||    18
       Whip              |    44 |    34 |   192 |   397 |   135 ||   802
       Flail             |       |       |       |     4 |       ||     4
       Hunting sling     |       |       |       |    12 |       ||    12
       Dire flail        |       |       |       |     7 |       ||     7
       Headbutt          |       |       |       |    12 |   227 ||   239
       Whip              |       |       |       |       |   514 ||   514
       Dire flail        |       |       |       |       |    69 ||    69
 Fire: Hunting sling     |    15 |    60 |   190 |   183 |    13 ||   461
       Blowgun           |       |       |       |    25 |       ||    25
       Greatsling        |       |       |       |   249 |   152 ||   401
       Greatsling        |       |       |       |       |   594 ||   594
       Blowgun           |       |       |       |       |     1 ||     1
       Hunting sling     |       |       |       |       |    48 ||    48
Throw: Stone             |    83 |     6 |    21 |    29 |    28 ||   167
       Tomahawk          |     8 |    18 |    69 |    52 |     3 ||   150
       Throwing net      |       |       |       |     3 |       ||     3
       Javelin           |       |       |       |       |    18 ||    18
Invok: Berserk           |       |     1 |       |     5 |       ||     6
       Trog's Hand       |       |     1 |       |     8 |     2 ||    11
       Burn Spellbooks   |       |       |     1 |     3 |       ||     4
       Trog's Hand       |       |       |       |       |    16 ||    16
       Berserk           |       |       |       |       |     6 ||     6
       Burn Spellbooks   |       |       |       |       |     1 ||     1
 Abil: Evoke Flight      |       |       |       |     3 |       ||     3
       Stop Flying       |       |       |       |     2 |       ||     2
       Evoke Invisibilit |       |       |       |       |     1 ||     1
Evoke: Club              |       |       |     4 |    54 |     3 ||    61
       Hammer            |       |       |     2 |     5 |       ||     7
       Disc of storms    |       |       |       |     1 |     3 ||     4
       Wand              |       |       |       |       |    22 ||    22
       Box of beasts     |       |       |       |       |     1 ||     1
  Use: Scroll            |       |     7 |    12 |    14 |     3 ||    36
       Potion            |       |       |     5 |     4 |       ||     9
       Scroll            |       |       |       |       |     6 ||     6
 Stab: Invisible         |       |       |       |       |     1 ||     1
  Eat: Chunk             |     1 |     4 |     5 |     7 |     8 ||    25
       Bread ration      |     1 |       |     2 |     8 |       ||    11
       Fruit             |       |       |     2 |     4 |     2 ||     8
       Chunk             |       |       |       |       |    12 ||    12
       Fruit             |       |       |       |       |     7 ||     7
       Bread ration      |       |       |       |       |     4 ||     4
       Meat ration       |       |       |       |       |     1 ||     1
Armor: Chain mail        |       |       |       |     6 |    31 ||    37
       Chain mail        |       |       |       |       |   162 ||   162
Dodge: Dodged            |       |       |       |    10 |    41 ||    51
       Dodged            |       |       |       |       |   192 ||   192
Block: Shield            |       |       |       |    25 |    79 ||   104
       Shield            |       |       |       |       |   316 ||   316
       Reflection        |       |       |       |       |     5 ||     5
       Other             |       |       |       |       |     7 ||     7
